Map: Pillars of Gold LE

Players

Jason - Winner!

  • Race: Terran Terran
  • League: Grandmaster
  • Spawn Location: 7:00

Creature

  • Race: Protoss Protoss
  • Spawn Location: 1:00

Event: The Miserable Cup

VOD

Have the link to the VOD?

Description

Time

  • Played on: June 19, 2020, 11:31 a.m.
  • Length: 8:15

All games in this series

Show
View Real Time Build Order
Export as new Build Order

Jason Terran - Winner!

Build Orders: Reaper Expand 

Get SALT Encoding   

  12  0:01  SCV  
  13  0:13  SCV  
  14  0:18  Supply Depot  
  14  0:25  SCV  
  15  0:39  SCV  
  15  0:41  Barracks  
  16  0:46  Refinery  
  16  0:51  SCV  
  17  1:03  SCV  
  18  1:16  SCV  
  19  1:28  Orbital Command  
  19  1:29  Reaper  
  20  1:47  Command Center  
  20  1:56  SCV  
  20  1:59  Supply Depot  
  21  2:02  Barracks Reactor  
  21  2:08  SCV  
  22  2:15  Barracks  
  22  2:20  SCV  
  23  2:29  Barracks  
  23  2:33  SCV  
  24  2:39  Marine  
  24  2:40  Marine  
  26  2:46  SCV  
  27  3:01  Marine x2, Orbital Command  
  27  3:04  Barracks Tech Lab  
  28  3:07  SCV  
  29  3:18  Barracks Tech Lab  
  29  3:19  Marine x2  
  31  3:21  SCV  
  31  3:23  Stimpack  
  31  3:25  Marauder  
  31  3:26  SCV  
  35  3:31  Supply Depot  
  35  3:35  Combat Shield  
  35  3:37  Marauder  
  35  3:38  SCV  
  38  3:43  Marine x2  
  38  3:45  SCV  
  41  3:50  SCV  
  41  3:53  Supply Depot  
  41  3:55  Marauder  
  44  3:57  SCV  
  44  4:01  Marauder  
  44  4:02  SCV  
  48  4:04  Engineering Bay  
  48  4:06  Refinery  
  48  4:10  Marine x2  
  48  4:13  SCV  
  48  4:14  SCV  
  52  4:17  Marauder  
  52  4:23  Refinery  
  54  4:25  SCV  
  54  4:26  SCV  
  58  4:31  Marauder, Bunker  
  58  4:37  SCV  
  58  4:38  Marine x2  
  61  4:46  Terran Infantry Weapons Level 1  
  61  4:48  SCV  
  61  4:52  Missile Turret  
  62  4:55  Supply Depot  
  62  4:58  Concussive Shells  
  62  5:05  Supply Depot  
  62  5:08  Marauder x2, SCV x2  
  62  5:09  Factory  
  62  5:10  Marine  
  62  5:11  Marine  
  70  5:17  Refinery  
  70  5:20  SCV x2  
  69  5:32  SCV  
  69  5:34  Marine x2  
  69  5:35  Marauder  
  68  5:41  Marine  
  69  5:49  SCV x2  
  65  5:52  Marine  
  65  5:55  Command Center  
  65  5:56  Marauder  
  65  5:57  Factory Reactor, Starport  
  63  5:59  Marine  
  63  6:01  Marauder  
  66  6:04  SCV  
  66  6:05  SCV  
  68  6:14  Supply Depot  
  68  6:16  Marine  
  68  6:17  SCV x2, Supply Depot  
  70  6:19  Marine  
  70  6:25  Marauder x2  
  75  6:29  SCV  
  75  6:31  Supply Depot  
  75  6:32  SCV  
  77  6:39  Armory  
  77  6:40  Factory Reactor  
  77  6:41  SCV  
  77  6:46  Marauder  
  77  6:47  Medivac  
  82  6:50  Medivac  
  82  6:52  Marine  
  82  6:54  Marine x2  
  82  6:56  SCV  
  85  7:08  Marauder  
  86  7:10  SCV x2  
  86  7:11  Marine  
  86  7:12  Marine  
  86  7:13  Marauder  
  92  7:21  Medivac, Widow Mine x2  
  92  7:22  Medivac  
  100  7:26  Barracks  
  100  7:28  Marine  
  101  7:30  SCV x2  
  101  7:32  Barracks  
  103  7:39  Marine  
  103  7:40  Marauder  
  103  7:42  SCV  
  103  7:43  Orbital Command  
  107  7:47  Marine  
  107  7:48  Widow Mine x2  
  107  7:50  SCV  
  113  7:55  SCV  
  113  8:03  SCV  
Show
View Real Time Build Order
Export as new Build Order

Creature Protoss 

Build Orders: 1 Gate Expand, Blink Stalkers 

Get SALT Encoding   

  12  0:01  Probe  
  13  0:13  Probe  
  14  0:18  Pylon  
  14  0:25  Probe  
  15  0:35  Probe  
  15  0:37  Gateway  
  16  0:43  Probe  
  16  0:48  Assimilator  
  17  0:53  Probe  
  18  1:05  Probe  
  19  1:17  Probe  
  20  1:24  Cybernetics Core  
  20  1:36  Nexus  
  20  1:42  Pylon  
  20  1:47  Probe  
  20  1:52  Assimilator, Adept  
  21  1:58  Pylon  
  21  2:03  Warp Gate  
  21  2:05  Probe  
  24  2:18  Probe  
  24  2:22  Stalker  
  27  2:30  Probe  
  28  2:40  Probe, Twilight Council  
  29  2:44  Probe  
  29  2:48  Probe  
  30  2:52  Probe  
  30  2:56  Probe  
  30  2:57  Blink  
  32  3:02  Probe  
  33  3:08  Probe  
  34  3:14  Probe  
  34  3:18  Gateway  
  35  3:20  Probe  
  35  3:26  Probe  
  37  3:32  Probe  
  37  3:33  Robotics Facility  
  38  3:38  Pylon, Probe  
  39  3:45  Probe  
  40  3:50  Probe  
  40  3:52  Sentry  
  43  3:57  Probe  
  44  4:04  Nexus  
  44  4:08  Pylon  
  44  4:09  Probe  
  45  4:10  Probe  
  45  4:14  Pylon  
  46  4:19  Stalker, Observer  
  46  4:21  Probe  
  49  4:25  Stalker  
  49  4:28  Probe  
  49  4:30  Assimilator  
  53  4:33  Probe  
  54  4:39  Observer  
  54  4:40  Probe  
  56  4:47  Gateway  
  56  4:48  Probe  
  56  4:49  Gateway  
  56  4:50  Charge  
  58  4:52  Probe  
  58  4:58  Stalker x2  
  62  5:00  Probe  
  62  5:05  Probe  
  64  5:08  Pylon  
  64  5:11  Forge  
  64  5:13  Probe  
  65  5:17  Probe  
  61  5:29  Stalker  
  49  5:39  Probe  
  43  5:48  Stalker x2  
  43  5:49  Probe  
  43  5:52  Probe  
  43  5:53  Probe  
  42  5:57  Probe  
  42  6:00  Probe  
  42  6:01  Probe  
  42  6:04  Pylon  
  43  6:05  Probe  
  43  6:09  Probe  
  43  6:10  Probe  
  46  6:12  Stalker x3  
  46  6:15  Probe  
  55  6:19  Probe  
  55  6:22  Dark Shrine, Probe  
  55  6:23  Probe  
  57  6:28  Probe  
  57  6:32  Probe  
  59  6:35  Observer  
  59  6:37  Probe  
  59  6:38  Probe  
  59  6:39  Warp Prism  
  63  6:43  Probe  
  65  6:49  Probe  
  65  6:50  Probe  
  67  6:55  Probe  
  67  7:01  Probe  
  69  7:04  Probe  
  66  7:11  Probe  
  66  7:12  Stalker x4  
  73  7:17  Gateway  
  73  7:19  Probe, Gateway  
  72  7:34  Probe  
  73  7:39  Dark Templar x2  
  73  7:43  Dark Templar  
  79  7:48  Probe  
  79  7:49  Zealot  
  82  7:52  Shield Battery  
  82  7:54  Gateway  
  82  7:55  Gateway  
  82  7:58  Pylon  
Tags
 
Add a new tag
Caveats
  • Supply blocks, unpowered buildings, or Contaminate may cause inaccurate times.
  • Supply counts are checked every 10 seconds.